AoeStats
← joosephy

Black Forest

508206915Analyzed
2v2 RM · 11d ago on Sep 21, 2026· 40m 52s· 4 players
Game mode
Random Map
Map size
Medium (4 player)
Population
200
Speed
Normal
Resources
Standard
Victory
Conquest
Starting age
Dark Age
Ending age
Imperial Age
RankedLock teamsTeams togetherTeam positionsShared explorationLock speedFull tech treeHidden civsTurbo modeCheats
Victory
Defeat
🇩🇿 Japanese · Algeria
1606
+20
🇹🇼 Slavs · Taiwan
1555
+22
🇨🇿 Wei · Czechia
1701
-21
🇨🇿 Romans · Czechia
1697
-21
Jozzif
2:45 Loom
12:56 Feudal Age
16:57 Castle Age
15:23 Double-Bit Axe
15:24 Horse Collar
16:16 Fletching
18:38 Bow Saw
25:41 Fortified Wall
27:24 Sanctity
31:18 Wheelbarrow
34:10 Imperial Age
31:49 Guard Tower
31:40 Treadmill Crane
32:21 Bodkin Arrow
32:32 Heavy Plow
32:24 Gold Mining
33:44 Yasama
34:34 Ballistics
34:11 Murder Holes
34:33 Fervor
34:37 Forging
34:28 Scale Mail Armor
34:52 Bracer
35:54 Chemistry
35:36 Illumination
36:53 Keep
36:34 Pikeman
37:15 Squires
37:40 Block Printing
38:01 Theocracy
37:42 Arrowslits
38:09 Masonry
38:03 Scale Mail Armor
38:38 Iron Casting
40:28 Kataparuto
40:28 Conscription
40:16 Siege Engineers
39:33 Halberdier
41:04 Chain Mail Armor
41:49 Blast Furnace
joosephy
1:06 Loom
12:49 Feudal Age
17:35 Castle Age
15:25 Double-Bit Axe
18:49 Bow Saw
18:54 Horse Collar
19:12 Gold Mining
24:04 Wheelbarrow
31:43 Imperial Age
30:02 Gold Shaft Mining
31:05 Forging
30:46 Fletching
31:43 Hand Cart
31:55 Onager
32:19 Cavalier
33:43 Bloodlines
33:46 Forging
33:41 Scale Barding Armor
33:46 Forging
35:02 Ballistics
35:33 Chain Barding Armor
37:03 Plate Barding Armor
37:23 Heavy Scorpion
39:20 Chemistry
39:26 Bodkin Arrow
40:07 Iron Casting
39:51 Siege Engineers
xberny
4:59 Loom
9:48 Feudal Age
10:12 Man-at-Arms
14:42 Fletching
14:38 Horse Collar
14:49 Double-Bit Axe
20:11 Castle Age
18:44 Horse Collar
19:16 Scale Mail Armor
21:12 Bow Saw
21:04 Heavy Plow
21:57 Chain Mail Armor
21:29 Long Swordsman
25:18 Squires
27:21 Forging
28:17 Wheelbarrow
28:38 Iron Casting
33:37 Imperial Age
32:16 Pikeman
34:00 Hand Cart
33:34 Town Watch
33:44 Gold Mining
33:45 Stone Mining
35:34 Blast Furnace
33:58 Legionary
34:40 Capped Ram
36:15 Bodkin Arrow
36:43 Ballistics
GoPlayTetris
1:02 Loom
12:11 Feudal Age
12:41 Double-Bit Axe
12:39 Horse Collar
15:59 Fletching
22:23 Castle Age
20:54 Gold Mining
21:14 Stone Mining
23:06 Wheelbarrow
24:11 Bow Saw
24:05 Heavy Plow
25:11 Gold Shaft Mining
29:22 Town Watch
33:17 Imperial Age
31:07 Hand Cart
32:00 Stone Shaft Mining
31:35 Scale Barding Armor
32:05 Devotion
33:20 Onager
34:22 Chain Barding Armor
34:55 Forging
35:13 Husbandry
35:23 Bloodlines
36:36 Iron Casting
37:05 Bodkin Arrow
38:04 Thumb Ring
38:24 Parthian Tactics
38:21 Bracer
39:22 Chemistry
39:30 Padded Archer Armor
41:15 Ballistics
41:11 Leather Archer Armor
Connection lost

Rejoining the realm…

Still unreachable

The connection could not be restored.

Session expired

The server has moved on; the page needs a fresh start.